 Dungeon Crawl Stone Soup version 0.30.0-20-g3615ddf2f0 (webtiles) character file.

Game seed: 15829161613319750985

9506 qw the Cleaver (level 11, -2/72 HPs)
             Began as a Gargoyle Fighter on May 30, 2023.
             Was a Believer of Okawaru.
             Slain by a boulder beetle (6 damage)
             ... on level 1 of the Lair of Beasts.
             The game lasted 00:05:30 (9222 turns).

qw the Cleaver (Gargoyle Fighter)                   Turns: 9222, Time: 00:05:30

Health: -2/72      AC: 23    Str: 28    XL:     11   Next: 47%
Magic:  13/14      EV: 11    Int: 12    God:    Okawaru [**....]
Gold:   361        SH:  6    Dex:  9    Spells: 10/10 levels left

rFire   . . .        Y - +2 war axe
rCold   + + .        c - +0 buckler
rNeg    + + .        i - +0 chain mail
rPois   inf          (helmet restricted)
rElec   +            q - +0 cloak
rCorr   +            l - +0 pair of gloves "Doprat" {rElec Str+4}
SInv    +            (no boots)
Will    .....        (no amulet) Stlth
                     n - ring of resist corrosion
HPRegen 0.32/turn    p - ring of Hietzikh {rC++ rN+ Will- Int+3 SInv}
MPRegen 0.14/turn

%: clarity
@: about to teleport, heroic
A: sickness immunity, AC +8, negative energy resistance 1, electricity
resistance, torment resistance 1, petrification resistance, antennae 1, clarity
a: Renounce Religion, Heroism


You were on level 1 of the Lair of Beasts.
You worshipped Okawaru.
Okawaru was pleased with you.
You visited 3 branches of the dungeon, and saw 10 of its levels.

You collected 516 gold pieces.
You spent 155 gold pieces at shops.


Innate Abilities, Weirdness & Mutations

You are immune to sickness and miasma.
Your stone body is resilient. (AC +8)
You are immune to poison.
You resist negative energy. (rN+)
You are resistant to electric shocks. (rElec)
You are resistant to unholy torment.
You are immune to petrification.
You have a pair of small antennae on your head.
You possess an exceptional clarity of mind.


   Skills:
 + Level 9.7(14.7) Fighting
 - Level 12.0(17.0) Axes
 - Level 7.1(12.1) Armour
 - Level 2.0(7.0) Dodging
 - Level 6.0(11.0) Shields
 - Level 4.1 Invocations


You had 10 spell levels left.
You didn't know any spells.
Your spell library was empty.

Inventory:

Hand Weapons
 h - the +9 whip "Foschinem" {drain, Str+3 Int+3}
   (You took it off a hobgoblin on level 3 of the Dungeon)

   Str:       It affects your strength (+3).
   Int:       It affects your intelligence (+3).
 Y - a +2 war axe (weapon)
Armour
 c - a +0 buckler (worn)
 i - a +0 chain mail (worn)
 l - the +0 pair of gloves "Doprat" (worn) {rElec Str+4}
   (You found it on level 2 of the Dungeon)

   Str:       It affects your strength (+4).
   rElec:     It insulates you from electricity.
 q - a +0 cloak (worn)
Jewellery
 n - a ring of resist corrosion (left hand)
 p - the ring of Hietzikh (right hand) {rC++ rN+ Will- Int+3 SInv}
   (You found it on level 6 of the Dungeon)

   [ring of positive energy]

   Int:       It affects your intelligence (+3).
   rC:        It greatly protects you from cold.
   rN:        It protects you from negative energy.
   SInv:      It lets you see invisible.
   Will:      It decreases your willpower.
Wands
 e - a wand of digging (4)
Scrolls
 b - 3 scrolls of identify
 g - a scroll of enchant armour {unknown}
 r - a scroll of vulnerability {unknown}
Potions
 d - 3 potions of might
 f - a potion of haste
 j - 3 potions of mutation
 k - 2 potions of resistance
 m - 2 potions of curing
 o - 3 potions of lignification

Dungeon Overview and Level Annotations

Branches:
Dungeon (8/15)             Temple (1/1) D:4            Lair (1/5) D:8

Altars:
Ashenzari
Cheibriados
Dithmenos
Fedhas
Gozag
Hepliaklqana
Kikubaaqudgha
Nemelex Xobeh
Okawaru
Qazlal
Ru
Trog
Vehumet
Wu Jian
Xom
Yredelemnul
Zin
The Shining One

Shops:
D:2 (?   D:4 =   D:5 [   D:7 *


Message History

You hit the boulder beetle but do no damage.
The boulder beetle leaps!
The boulder beetle curls into a ball and begins rolling!
You slash the boulder beetle!
The boulder beetle is moderately wounded.
The boulder beetle hits you!
The boulder beetle stops rolling and uncurls.
You hit the boulder beetle but do no damage.
The boulder beetle is lightly wounded.
The boulder beetle leaps!
The boulder beetle curls into a ball and begins rolling!
You slash the boulder beetle!
The boulder beetle is moderately wounded.
The boulder beetle hits you!!!
Ouch! That really hurt!
The boulder beetle stops rolling and uncurls.
You hit the boulder beetle but do no damage.
The boulder beetle is moderately wounded.
You feel like a meek peon again.
The boulder beetle bites you but does no damage.
9214 ||| INVOKING Heroism.
You gain the combat prowess of a mighty hero.
Okawaru will no longer gift you throwing weapons.
The boulder beetle leaps!
The boulder beetle curls into a ball and begins rolling!
The boulder beetle hits you!!
The boulder beetle stops rolling and uncurls.
9219 ||| READING scroll of teleportation.
As you read the scroll of teleportation, it crumbles to dust.
You feel strangely unstable.
The boulder beetle bites you but does no damage.
You hit the boulder beetle but do no damage.
The boulder beetle is moderately wounded.
You hit the boulder beetle but do no damage.
The boulder beetle is moderately wounded.
The boulder beetle bites you but does no damage.
You slash the boulder beetle!
The boulder beetle is heavily wounded.
The boulder beetle bites you.
You die...

....###.............##....##.....
.....##..B..........##..(....#...
........##>........%........##...
.....#####.#.......##..##....#..%
...#####.......#...##..#######.##
#### #........######.## #^.... ##
##....#...#.###.## ##....# .#
###.............# #.....# ##
#.##P..@.....## #.....# #
#.###...B.....# #...###
##...........#####..##
#..##...#....###.#..### #
#.####......##......#.## #
#####...#.P..#......#... #
#####....................
#########.#..................#...
##...............#........#...#.#


You could see a boulder beetle.

Vanquished Creatures
  Erica (D:8)
  4 elephants (Lair:1)
  2 cane toads (Lair:1)
  2 unseen horror zombies (D:8)
  A rime drake (D:8)
  2 ice devils (Lair:1)
  6 yaks (Lair:1)
  A wyvern (Lair:1)
  2 basilisks (Lair:1)
  A wraith (D:8)
  A steam dragon (D:6)
  3 water moccasins
  3 ice beasts (D:8)
  A sky beast (D:6)
  5 wolves
  2 black bears (D:4)
  3 ogres
  A centaur (D:8)
  3 phantoms
  3 bullfrogs
  2 gnoll sergeants (D:8)
  4 scorpions
  A wyvern zombie (D:8)
  5 wights (D:8)
  2 howler monkeys (D:7)
  2 centaur zombies (D:8)
  6 hounds
  6 jellies
  4 orc priests
  Ijyb (D:3)
  8 iguanas
  5 orc wizards
  4 sleepcaps
  A killer bee zombie (D:8)
  2 howler monkey zombies (D:8)
  10 gnolls
  6 adders
  4 shadow imps
  3 white imps
  2 ufetubi
  2 worms (D:2)
  5 dart slugs
  12 orcs
  7 endoplasms
  A giant cockroach (D:1)
  7 goblins
  4 hobgoblins
  3 jackals (D:2)
  5 kobolds
  5 quokkas
  6 ball pythons
  5 bats
  A frilled lizard (D:3)
  9 rats
197 creatures vanquished.

Notes
Turn   | Place    | Note
-------+----------+-------------------------------------------
     0 | D:1      | qw the Gargoyle Fighter began the quest for the Orb.
     0 | D:1      | Reached XP level 1. HP: 14/14 MP: 1/1
     0 | D:1      | 0 ||| qw: Version: 0.2-a-102-g2b76a06
     0 | D:1      | 0 ||| qw: Game counter: 472
     0 | D:1      | 0 ||| qw: Always use a shield: true
     0 | D:1      | 0 ||| qw: God list: Okawaru
     0 | D:1      | 0 ||| qw: Allow faded altars: false
     0 | D:1      | 0 ||| qw: Do Orc after D:15 true
     0 | D:1      | 0 ||| qw: Do second Lair branch before Depths: true
     0 | D:1      | 0 ||| qw: Lair rune preference: random
     0 | D:1      | 0 ||| qw: Plans: Normal, Zot:1-4, Slime:5, God:TSO, Crypt,
                  | Tomb, Pan, Hells, Abyss, Win
     0 | D:1      | 0 ||| PLANNING D:1-11
    55 | D:1      | Reached skill level 2 in Axes
   112 | D:1      | Reached XP level 2. HP: 19/19 MP: 2/2
   320 | D:1      | Reached skill level 3 in Axes
   419 | D:1      | Reached XP level 3. HP: 20/23 MP: 3/3
   910 | D:1      | 910 ||| UPGRADING to +0 pair of gloves.
   915 | D:1      | 915 ||| UPGRADING to +0 chain mail.
   925 | D:1      | 925 ||| DROPPING +0 scale mail.
   926 | D:1      | 926 ||| READING scroll labelled UMITIM ZYFE.
   970 | D:2      | Found Vafrink's Magic Scroll Shoppe.
   983 | D:2      | 983 ||| BUYING scroll of teleportation (36 gold).
   983 | D:2      | Bought a scroll of teleportation for 36 gold pieces
  1159 | D:2      | Identified the +0 pair of gloves "Doprat" {rElec Str+4}
  1185 | D:2      | Reached XP level 4. HP: 28/28 MP: 4/4
  1318 | D:2      | You fall into a shaft and drop 1 floor!
  1321 | D:3      | 1321 ||| Stepping ~*~*~tactically~*~*~ (hiding).
  1502 | D:3      | 1502 ||| UPGRADING to +0 pair of gloves "Doprat" {rElec
                  | Str+4}.
  1512 | D:3      | 1512 ||| DROPPING +0 pair of gloves.
  1513 | D:3      | 1513 ||| DROPPING ring of magical power.
  1514 | D:3      | 1514 ||| READING scroll labelled QUDDIO RUAHEG DYIT.
  1515 | D:3      | 1515 ||| READING scroll labelled AMUTWASTRAC.
  1516 | D:3      | 1516 ||| DRINKING 2 metallic clear potions.
  1516 | D:3      | Gained mutation: You possess an exceptional clarity of
                  | mind. [potion of mutation]
  1516 | D:3      | Gained mutation: You have a pair of small antennae on your
                  | head. [potion of mutation]
  1538 | D:2      | Found Ablolo's Weapon Shoppe.
  1619 | D:2      | 1619 ||| Stepping ~*~*~tactically~*~*~ (hiding).
  1630 | D:2      | Reached skill level 4 in Axes
  1778 | D:2      | 1778 ||| READING scroll labelled TURCHE LOHOJUDD.
  1801 | D:3      | Found a sparkling altar of Nemelex Xobeh.
  1811 | D:3      | 1811 ||| Stepping ~*~*~tactically~*~*~ (stealth).
  1905 | D:3      | 1905 ||| Stepping ~*~*~tactically~*~*~ (hiding).
  1906 | D:3      | 1906 ||| Stepping ~*~*~tactically~*~*~ (hiding).
  1921 | D:3      | Identified the +9 whip "Foschinem" {drain, Str+3 Int+3}
  1922 | D:3      | 1922 ||| Stepping ~*~*~tactically~*~*~ (stealth).
  1932 | D:3      | 1932 ||| DROPPING +0 mace.
  1960 | D:3      | Found a blossoming altar of Fedhas.
  2014 | D:3      | Noticed Ijyb
  2040 | D:3      | Killed Ijyb
  2126 | D:3      | Reached XP level 5. HP: 30/32 MP: 5/5
  2274 | D:3      | Found a faded altar of an unknown god.
  2278 | D:3      | Found an ornate altar of the Wu Jian Council.
  2455 | D:3      | 2455 ||| READING scroll labelled HAUWNEXOURPH.
  2456 | D:3      | 2456 ||| READING 2 scrolls of identify.
  2456 | D:3      | 2456 ||| IDENTIFYING silvery potion
  2457 | D:3      | 2457 ||| DROPPING potion of degeneration.
  2515 | D:4      | 2515 ||| Stepping ~*~*~tactically~*~*~ (stealth).
  2523 | D:4      | 2523 ||| FLEEEEING.
  2525 | D:4      | 2525 ||| FLEEEEING.
  2531 | D:4      | 2531 ||| STAIRDANCE
  2663 | D:4      | Found Ter Kiomm's Jewellery Emporium.
  2674 | D:4      | Reached skill level 5 in Axes
  2690 | D:4      | 2690 ||| Stepping ~*~*~tactically~*~*~ (stealth).
  2723 | D:4      | Reached XP level 6. HP: 32/38 MP: 6/6
  2798 | D:4      | 2798 ||| SHOPLISTING ring of protection from fire (275
                  | gold, have 133).
  2798 | D:4      | 2798 ||| SHOPLISTING ring of resist corrosion (220 gold,
                  | have 133).
  2798 | D:4      | 2798 ||| SHOPLISTING ring of see invisible (165 gold, have
                  | 133).
  2798 | D:4      | 2798 ||| SHOPLISTING ring of willpower (275 gold, have
                  | 133).
  2933 | D:4      | 2933 ||| Stepping ~*~*~tactically~*~*~ (hiding).
  3087 | D:4      | Found a staircase to the Ecumenical Temple.
  3088 | D:4      | 3088 ||| PLANNING TEMPLE
  3088 | D:4      | 3088 ||| DRINKING 2 metallic black potions.
  3089 | D:4      | 3089 ||| READING 2 scrolls of identify.
  3089 | D:4      | 3089 ||| IDENTIFYING fizzy brown potion
  3090 | D:4      | 3090 ||| DROPPING potion of flight.
  3099 | Temple   | Entered the Ecumenical Temple
  3100 | Temple   | 3100 ||| PLANNING D:1-11
  3231 | D:4      | Found a bloodstained altar of Trog.
  3231 | D:4      | Noticed a black bear
  3231 | D:4      | Noticed a black bear
  3241 | D:4      | Killed a black bear
  3242 | D:4      | Reached skill level 6 in Axes
  3250 | D:4      | Killed a black bear
  3251 | D:4      | Reached skill level 1 in Dodging
  3251 | D:4      | Reached XP level 7. HP: 18/43 MP: 7/7
  3350 | D:4      | 3350 ||| READING scroll labelled KAF SUCENTOC.
  3351 | D:4      | 3351 ||| DRINKING 2 fizzy coppery potions.
  3360 | D:4      | 3360 ||| DRINKING 2 viscous silvery potions.
  3388 | D:4      | 3388 ||| DROPPING potion of ambrosia.
  3394 | D:4      | 3394 ||| STAIRDANCE
  3571 | D:4      | 3571 ||| DROPPING +4 hand axe.
  3874 | D:4      | 3874 ||| DROPPING +1 ring mail of positive energy.
  3875 | D:4      | 3875 ||| UPGRADING to ring of resist corrosion.
  3876 | D:4      | 3876 ||| DRINKING 2 fizzy yellow potions.
  3891 | D:5      | Entered Level 5 of the Dungeon
  3931 | D:5      | 3931 ||| Stepping ~*~*~tactically~*~*~ (stealth).
  3932 | D:5      | 3932 ||| Stepping ~*~*~tactically~*~*~ (stealth).
  3959 | D:5      | 3959 ||| Stepping ~*~*~tactically~*~*~ (stealth).
  3972 | D:5      | Reached skill level 7 in Axes
  4124 | D:5      | Found a glowing golden altar of the Shining One.
  4146 | D:5      | Found a glowing silver altar of Zin.
  4192 | D:5      | Found Appiri's Antique Armour Emporium.
  4205 | D:5      | Reached XP level 8. HP: 49/49 MP: 8/8
  4210 | D:5      | 4210 ||| SHOPLISTING +3 pair of gauntlets of War {Slay+5}
                  | (807 gold, have 212).
  4210 | D:5      | 4210 ||| BUYING runed ring mail (119 gold).
  4210 | D:5      | Bought a runed ring mail for 119 gold pieces
  4500 | D:5      | 4500 ||| DROPPING +0 whip of freezing.
  4596 | D:5      | 4596 ||| DROPPING +2 ring mail of willpower.
  4597 | D:5      | 4597 ||| READING scroll labelled UDESSU JENUFEU.
  4598 | D:5      | 4598 ||| READING 3 scrolls of identify.
  4598 | D:5      | 4598 ||| IDENTIFYING purple potion
  4599 | D:5      | 4599 ||| READING 2 scrolls of identify.
  4599 | D:5      | 4599 ||| IDENTIFYING golden potion
  4600 | D:5      | 4600 ||| DROPPING potion of magic.
  4601 | D:5      | 4601 ||| DROPPING potion of invisibility.
  4641 | D:6      | Reached skill level 8 in Axes
  4697 | D:6      | Reached skill level 6 in Fighting
  4777 | D:6      | Found a sacrificial altar of Ru.
  4842 | D:6      | 4842 ||| Stepping ~*~*~tactically~*~*~ (hiding).
  5140 | D:6      | Identified the ring of Hietzikh {rC++ rN+ Will- Int+3 SInv}
  5154 | D:6      | Reached skill level 9 in Axes
  5242 | D:6      | Found a snail-covered altar of Cheibriados.
  5242 | D:6      | Found a radiant altar of Vehumet.
  5278 | D:6      | Reached XP level 9. HP: 48/55 MP: 9/9
  5337 | D:6      | Found an ancient bone altar of Kikubaaqudgha.
  5543 | D:6      | 5543 ||| UPGRADING to ring of Hietzikh {rC++ rN+ Will-
                  | Int+3 SInv}.
  5544 | D:6      | 5544 ||| READING 3 scrolls of identify.
  5544 | D:6      | 5544 ||| IDENTIFYING smoky dark potion
  5545 | D:6      | 5545 ||| READING 2 scrolls of identify.
  5545 | D:6      | 5545 ||| IDENTIFYING sedimented black potion
  5546 | D:6      | 5546 ||| DROPPING potion of brilliance.
  5618 | D:7      | Found an opulent altar of Gozag.
  5669 | D:7      | 5669 ||| READING scroll of enchant weapon.
  5669 | D:7      | 5669 ||| ENCHANTING +1 war axe.
  5880 | D:7      | Found Doheogafe's Overcharged Wands.
  5907 | D:7      | 5907 ||| Stepping ~*~*~tactically~*~*~ (hiding).
  5909 | D:7      | 5909 ||| Stepping ~*~*~tactically~*~*~ (hiding).
  5913 | D:7      | 5913 ||| Stepping ~*~*~tactically~*~*~ (hiding).
  5924 | D:7      | 5924 ||| Stepping ~*~*~tactically~*~*~ (stealth).
  5928 | D:7      | 5928 ||| Stepping ~*~*~tactically~*~*~ (stealth).
  5931 | D:7      | 5931 ||| Stepping ~*~*~tactically~*~*~ (stealth).
  6482 | D:7      | 6482 ||| UPGRADING to +0 cloak.
  6487 | D:7      | 6487 ||| DRINKING 2 lumpy silvery potions.
  6591 | D:7      | 6591 ||| DROPPING potion of berserk rage.
  6654 | D:8      | 6654 ||| Stepping ~*~*~tactically~*~*~ (hiding).
  6784 | D:8      | 6784 ||| Stepping ~*~*~tactically~*~*~ (hiding).
  6811 | D:8      | 6811 ||| FLEEEEING.
  6812 | D:8      | 6812 ||| FLEEEEING.
  6815 | D:8      | 6815 ||| FLEEEEING.
  6816 | D:8      | 6816 ||| FLEEEEING.
  6821 | D:8      | 6821 ||| FLEEEEING.
  6822 | D:8      | 6822 ||| FLEEEEING.
  6823 | D:8      | 6823 ||| FLEEEEING.
  6824 | D:8      | 6824 ||| FLEEEEING.
  6825 | D:8      | 6825 ||| FLEEEEING.
  6826 | D:8      | 6826 ||| FLEEEEING.
  6827 | D:8      | 6827 ||| FLEEEEING.
  6828 | D:8      | 6828 ||| FLEEEEING.
  6829 | D:8      | 6829 ||| FLEEEEING.
  6830 | D:8      | 6830 ||| FLEEEEING.
  6839 | D:8      | 6839 ||| FLEEEEING.
  6844 | D:8      | 6844 ||| STAIRDANCE
  6888 | D:8      | Reached skill level 10 in Axes
  6962 | D:8      | Noticed a rime drake
  6973 | D:8      | Killed a rime drake
  6974 | D:8      | Reached XP level 10. HP: 52/64 MP: 10/10
  7037 | D:8      | Reached skill level 6 in Shields
  7037 | D:8      | 7037 ||| FLEEEEING.
  7038 | D:8      | 7038 ||| FLEEEEING.
  7039 | D:8      | 7039 ||| FLEEEEING.
  7040 | D:8      | 7040 ||| FLEEEEING.
  7041 | D:8      | 7041 ||| FLEEEEING.
  7042 | D:8      | 7042 ||| FLEEEEING.
  7062 | D:8      | 7062 ||| Stepping ~*~*~tactically~*~*~ (hiding).
  7091 | D:8      | 7091 ||| FLEEEEING.
  7149 | D:8      | Found a shimmering altar of Xom.
  7156 | D:8      | Found a shadowy altar of Dithmenos.
  7158 | D:8      | Found an iron altar of Okawaru.
  7159 | D:8      | 7159 ||| PLANNING OKAWARU WORSHIP
  7159 | D:8      | Found a broken altar of Ashenzari.
  7161 | D:8      | Became a worshipper of Warmaster Okawaru
  7161 | D:8      | 7161 ||| PLANNING D:1-11
  7163 | D:8      | Found a stormy altar of Qazlal.
  7302 | D:8      | Found a staircase to the Lair.
  7534 | D:8      | Noticed Erica
  7546 | D:8      | Killed Erica
  7546 | D:8      | Reached * piety under Okawaru
  7547 | D:8      | Reached skill level 11 in Axes
  7595 | D:8      | Found a hazy altar of Hepliaklqana.
  7653 | D:8      | 7653 ||| Stepping ~*~*~tactically~*~*~ (stealth).
  7672 | D:8      | 7672 ||| Stepping ~*~*~tactically~*~*~ (stealth).
  7674 | D:8      | 7674 ||| Stepping ~*~*~tactically~*~*~ (stealth).
  7762 | D:8      | Reached skill level 1 in Invocations
  7789 | D:8      | Found a basalt altar of Yredelemnul.
  7797 | D:8      | 7797 ||| INVOKING Heroism.
  8015 | D:8      | 8015 ||| PLANNING LAIR
  8047 | Lair:1   | Entered Level 1 of the Lair of Beasts
  8112 | Lair:1   | Noticed a cane toad
  8113 | Lair:1   | 8113 ||| INVOKING Heroism.
  8119 | Lair:1   | Killed a cane toad
  8120 | Lair:1   | Reached skill level 3 in Invocations
  8169 | Lair:1   | 8169 ||| INVOKING Heroism.
  8171 | Lair:1   | Reached skill level 6 in Armour
  8248 | Lair:1   | Found a frozen archway.
  8257 | Lair:1   | Reached ** piety under Okawaru
  8337 | Lair:1   | 8337 ||| Stepping ~*~*~tactically~*~*~ (stealth).
  8355 | Lair:1   | Noticed a boulder beetle
  8356 | Lair:1   | 8356 ||| INVOKING Heroism.
  8357 | Lair:1   | 8357 ||| Stepping ~*~*~tactically~*~*~ (stealth).
  8363 | Lair:1   | Reached XP level 11. HP: 69/69 MP: 11/14
  8373 | Lair:1   | Reached skill level 9 in Fighting
  8380 | Lair:1   | HP: 13/71 [boulder beetle (10)]
  8381 | Lair:1   | 8381 ||| READING 5 scrolls of teleportation.
  8384 | Lair:1   | 8384 ||| INVOKING Heroism.
  8574 | Lair:1   | 8574 ||| Stepping ~*~*~tactically~*~*~ (stealth).
  8576 | Lair:1   | 8576 ||| Stepping ~*~*~tactically~*~*~ (stealth).
  8578 | Lair:1   | 8578 ||| Stepping ~*~*~tactically~*~*~ (stealth).
  8580 | Lair:1   | 8580 ||| INVOKING Heroism.
  8605 | Lair:1   | Reached skill level 12 in Axes
  8658 | Lair:1   | Reached *** piety under Okawaru
  8798 | Lair:1   | 8798 ||| Stepping ~*~*~tactically~*~*~ (stealth).
  8837 | Lair:1   | 8837 ||| Stepping ~*~*~tactically~*~*~ (stealth).
  8838 | Lair:1   | 8838 ||| Stepping ~*~*~tactically~*~*~ (stealth).
  8970 | Lair:1   | 8970 ||| INVOKING Heroism.
  8996 | Lair:1   | 8996 ||| INVOKING Heroism.
  9004 | Lair:1   | HP: 17/72 [boulder beetle (6)]
  9005 | Lair:1   | 9005 ||| READING 4 scrolls of teleportation.
  9015 | Lair:1   | HP: 17/72 [bullfrog (3)]
  9016 | Lair:1   | 9016 ||| READING 3 scrolls of teleportation.
  9024 | Lair:1   | 9024 ||| INVOKING Heroism.
  9025 | Lair:1   | HP: 18/72 [boulder beetle (1)]
  9026 | Lair:1   | 9026 ||| READING 2 scrolls of teleportation.
  9183 | Lair:1   | 9183 ||| Stepping ~*~*~tactically~*~*~ (stealth).
  9185 | Lair:1   | 9185 ||| INVOKING Heroism.
  9214 | Lair:1   | 9214 ||| INVOKING Heroism.
  9218 | Lair:1   | HP: 3/72 [boulder beetle (18)]
  9219 | Lair:1   | 9219 ||| READING scroll of teleportation.
  9222 | Lair:1   | Slain by a boulder beetle

Levels and vault maps discovered:
D:1:      lemuel_arrival_behind_the_door_small, layout_basic, minmay_hedge_maze,
          nrook_loot_triangle
D:2:      layout_loops_cross, serial_shops, nicolae_shop_hallway_stairs, shop
D:3:      layout_loops_ring, nicolae_overflow_ecumenical_swirl,
          nicolae_overflow_crystal_walls, mainiacjoe_overflow_paths,
          nrook_mini_vaults, uniq_ijyb
D:4:      layout_layer_cave, trog_ov_bears_minmay,
          minmay_temple_entry_gardened_gates, serial_shops, shop_statue,
          nicolae_kite_square_tiling_tiny
D:5:      layout_cave_pools, mainiacjoe_overflow_small_starburst,
          amcnicky_altar_gilded, serial_shops, nicolae_square_shop
D:6:      layout_gridville, mainiacjoe_overflow_alcove_4,
          gammafunk_temple_overflow_statue, kiku_gazebo_pond_becter
D:7:      layout_gridville, grunt_gozag_breadcrumbs,
          nicolae_shop_overcharged_wands
D:8:      layout_basic, minitemple, nicolae_yredelemnul_corpse_copse,
          nzn_hepliaklqana_mist_gate, hellmonk_lair_entry_icy, uniq_erica
Temple:   ebering_the_none_and_only
Lair:1:   layout_misc_corridors, portal_ice_cave_demonic_guard,
          beast_lair_carwin_11

Skill      XL: |  1  2  3  4  5  6  7  8  9 10 11 |
---------------+----------------------------------+-----
Axes           | 2 3 4 5 6 7 9 10 11 12 | 12.0
Fighting       | 4 5 6 8 9 |  9.7
Dodging        | 1 2 |  2.0
Armour         | 5 6 7 |  7.1
Shields        | 4 6 |  6.0
Invocations    | 4 |  4.1

Action                     |  1- 3 |  4- 6 |  7- 9 | 10-12 || total
---------------------------+-------+-------+-------+-------++-------
  Melee: War axe           |   181 |   144 |   334 |   298 ||   957
 Invoke: Heroism           |       |       |       |    11 ||    11
    Use: Scroll            |     1 |     6 |     7 |     5 ||    19
         Potion            |       |     2 |     4 |       ||     6
 Armour: Scale mail        |    45 |       |       |       ||    45
         Chain mail        |    25 |    92 |   170 |   130 ||   417
  Dodge: Dodged            |    64 |    59 |   113 |   105 ||   341
  Block: Buckler           |    22 |    28 |    46 |    57 ||   153

Table legend:
 A = Non-vault XP
 B = Vault XP
 C = Vault XP percentage of total XP
 D = Non-vault monster count
 E = Vault monster count
 F = Vault count percentage of total count
                 A         B        C        D         E       F
            +---------+---------+-------+---------+---------+-------
      Total |    9248 |    4332 |  31.9 |     173 |      24 |  12.2
            +---------+---------+-------+---------+---------+-------
        D:1 |      55 |       0 |   0.0 |      29 |       0 |   0.0
        D:2 |      45 |       0 |   0.0 |      15 |       0 |   0.0
        D:3 |      38 |      36 |  48.6 |      11 |       1 |   8.3
        D:4 |     273 |     252 |  48.0 |      20 |       2 |   9.1
        D:5 |     844 |       0 |   0.0 |      18 |       0 |   0.0
        D:6 |    1064 |       0 |   0.0 |      19 |       0 |   0.0
        D:7 |     919 |       0 |   0.0 |      20 |       0 |   0.0
        D:8 |    1178 |    2959 |  71.5 |      24 |      16 |  40.0
     Lair:1 |    4832 |    1085 |  18.3 |      17 |       5 |  22.7
            +---------+---------+-------+---------+---------+-------
